 Dungeon Crawl Stone Soup version 0.18.1-48-g4cf74bf (webtiles) character file.

695 dvd the Covered (level 7, -5/63 HPs)
             Began as a Deep Dwarf Fighter on Sept 7, 2016.
             Was an Initiate of Makhleb.
             Killed by divine providence
             ... invoked by an orc priest
              (13 damage)
             ... on level 4 of the Dungeon.
             The game lasted 00:10:58 (3537 turns).

dvd the Covered (Deep Dwarf Fighter)                Turns: 3537, Time: 00:10:59

Health: -5/63      AC:  8    Str: 20    XL:     7   Next: 37%
Magic:  8/8        EV:  9    Int:  8    God:    Makhleb [......]
Gold:   301        SH: 10    Dex: 14    Spells: 0 memorised, 6 levels left

rFire  . . .     SeeInvis .     a - +1 war axe
rCold  . . .     Gourm    .     b - +0 scale mail
rNeg   . . .     Faith    .     c - +0 shield
rPois  .         Spirit   .     (no helmet)
rElec  .         Dismiss  .     (no cloak)
rCorr  .         Reflect  .     (no gloves)
SustAt .         Harm     .     k - +0 pair of boots
MR     +....                    g - amulet of inaccuracy (curse)
Stlth  ..........               (no ring)
                                (no ring)

@: non-regenerating, somewhat resistant to hostile enchantments, extremely
unstealthy
A: damage resistance, recharge devices, sense surroundings 1, slow regeneration
3
a: Device Recharging, Renounce Religion


You were on level 4 of the Dungeon.
You worshipped Makhleb.
Makhleb was noncommittal.
You were not hungry.

You visited 2 branches of the dungeon, and saw 5 of its levels.

You collected 301 gold pieces.

Inventory:

Hand Weapons
 a - a +1 war axe (weapon)
 i - a +0 hand crossbow
 p - a cursed -2 spear
 q - a +2 flail of crushing
 s - a cursed -3 spear
Armour
 b - a +0 scale mail (worn)
 c - a +0 shield (worn)
 k - a +0 pair of boots (worn)
Jewellery
 g - a cursed amulet of inaccuracy (around neck)
 n - an uncursed amulet of guardian spirit {unknown}
Wands
 e - a wand of heal wounds (0/9)
 u - a wand of lightning (8/15)
Scrolls
 h - a scroll of magic mapping
 o - 4 scrolls of identify
Potions
 d - a potion of flight
 m - a potion of lignification
Books
 v - a book of Burglary

   Spells                             Type                      Level
   a - Swiftness                      Charms/Air                   2
   b - Passwall                       Transmutation/Earth          2
   c - Passage of Golubria            Translocation                4
   d - Lee's Rapid Deconstruction     Earth                        5
   e - Darkness                       Hexes                        6
   f - Invisibility                   Hexes                        6
Comestibles
 f - 4 bread rations
 l - a beef jerky
 r - a meat ration


   Skills:
 + Level 3.8 Fighting
 + Level 3.5(3.6) Axes
 + Level 1.2(2.3) Maces & Flails
 + Level 1.0 Throwing
 + Level 5.5 Armour
 + Level 3.6 Dodging
 + Level 5.2 Shields
 + Level 1.3 Evocations


You had 6 spell levels left.
You didn't know any spells.

Dungeon Overview and Level Annotations

Branches:
Dungeon (4/15)             Temple (1/1) D:4

Altars:
Makhleb
Nemelex Xobeh
Okawaru
Qazlal
Sif Muna
Yredelemnul
Zin
The Shining One


Innate Abilities, Weirdness & Mutations

You are resistant to damage.
You can recharge devices by infusing magical energy.
You passively map a small area around you.
You do not regenerate naturally.


Message History

The orc priest calls down the wrath of Beogh upon you.
You resist with significant effort.
The orc wizard hits you but does no damage.
You slash the orc wizard!
You kill the orc wizard!
Makhleb accepts your kill.
The orc priest mumbles some strange prayers to Beogh against you.
Beogh smites you!
You hit the orc priest.
The orc priest is lightly wounded.
You block the orc priest's attack.
The orc priest mumbles some strange prayers to Beogh against you.
Beogh smites you!
* * * LOW HITPOINT WARNING * * *
You hit the orc priest but do no damage.
The orc priest is lightly wounded.
The orc priest miscasts a cantrip.
The orc priest invokes the aid of Beogh against you.
Beogh smites you!
You die...

# #≈≈≈≈≈≈≈≈≈≈≈# #.#
# #≈≈≈≈≈≈≈≈≈≈≈# #.#
# #≈≈≈≈≈≈≈≈≈≈≈# #.#
# ############# #.#
# , * #.# # , *
#.### # #...# #
####.########.#####
.....oo@).........#
####.##############
* ,* * * * * * **


You could see 2 orc priests.

Vanquished Creatures
  The ghost of dvd the Shield-Bearer, an amateur DDFi (D:4)
  A phantom (D:3)
  A scorpion (D:4)
  A centaur skeleton (D:4)
  2 orc wizards
  2 worker ants (D:4)
  5 adders
  4 gnolls (D:3)
  2 oozes
  An adder skeleton (D:4)
  6 worms
  4 dart slugs
  3 giant geckos
  11 orcs
  5 bats
  A giant cockroach (D:1)
  9 goblins
  6 hobgoblins
  8 jackals
  2 ball pythons
  2 giant newts
  6 kobolds
  4 rats
87 creatures vanquished.

Notes
Turn   | Place    | Note
--------------------------------------------------------------
     0 | D:1      | dvd the Deep Dwarf Fighter began the quest for the Orb.
     0 | D:1      | Reached XP level 1. HP: 20/20 MP: 1/1
   140 | D:1      | Reached XP level 2. HP: 25/27 MP: 2/2
  1013 | D:2      | Reached XP level 3. HP: 28/33 MP: 3/3
  1782 | D:3      | Reached XP level 4. HP: 27/42 MP: 4/4
  1850 | D:3      | Reached skill level 1 in Dodging
  2045 | D:3      | Noticed a phantom
  2061 | D:3      | Killed a phantom
  2061 | D:3      | Reached XP level 5. HP: 11/49 MP: 5/5
  2079 | D:3      | Reached skill level 1 in Evocations
  2241 | D:3      | Found a stormy altar of Qazlal.
  2302 | D:3      | Reached XP level 6. HP: 38/56 MP: 6/6
  2730 | D:4      | HP: 2/56 [scorpion (3)]
  2967 | D:4      | Noticed dvd's ghost (amateur DDFi)
  2980 | D:4      | Killed dvd's ghost
  2980 | D:4      | Reached skill level 1 in Throwing
  2980 | D:4      | Reached skill level 5 in Armour
  2980 | D:4      | Reached skill level 5 in Shields
  2980 | D:4      | Reached XP level 7. HP: 35/63 MP: 8/8
  3059 | D:4      | Reached skill level 1 in Maces & Flails
  3091 | D:4      | Found a burning altar of Makhleb.
  3094 | D:4      | Found a glowing silver altar of Zin.
  3094 | D:4      | Noticed a balrug
  3094 | D:4      | Noticed an angel
  3112 | D:4      | Became a worshipper of Makhleb the Destroyer
  3393 | D:4      | Found a staircase to the Ecumenical Temple.
  3402 | Temple   | Entered the Ecumenical Temple
  3537 | D:4      | Killed from afar by an orc priest

Skill      XL: |  1  2  3  4  5  6  7 |
---------------+----------------------+-----
Fighting       | 3 |  3.8
Armour         | 4 5 |  5.5
Shields        | 4 5 |  5.2
Dodging        | 2 3 |  3.6
Axes           | 3 |  3.5
Evocations     | 1 |  1.3
Throwing       | 1 |  1.0
Maces & Flails | 1 |  1.2

Action                   |  1- 3 |  4- 6 |  7- 9 || total
-------------------------+-------+-------+-------++-------
Melee: War axe           |   151 |   130 |     6 ||   287
       Flail             |       |   136 |    49 ||   185
Throw: Javelin           |    16 |     7 |     2 ||    25
Evoke: Wand              |     1 |     6 |     1 ||     8
  Use: Scroll            |     4 |     3 |     2 ||     9
       Potion            |       |     4 |       ||     4
  Eat: Chunk             |     3 |     5 |     2 ||    10
Armor: Scale mail        |    73 |   117 |    26 ||   216
Dodge: Dodged            |    35 |    90 |    10 ||   135
Block: Shield            |    77 |   134 |    30 ||   241
